 Dungeon Crawl Stone Soup version 0.23-a0-704-g7fdf9c5 (webtiles) character file.

284 nikopol the Magician (level 6, 0/33 HPs)
             Began as a Deep Elf Fire Elementalist on Jan 14, 2019.
             Slain by Duvessa
             ... wielding a +0 short sword
              (6 damage)
             ... on level 4 of the Dungeon.
             The game lasted 00:09:59 (2975 turns).

nikopol the Magician (Deep Elf Fire Elementalist)   Turns: 2975, Time: 00:09:59

Health: 0/33       AC:  7    Str:  5    XL:     6   Next: 7%
Magic:  2/16       EV: 13    Int: 22    God:
Gold:   157        SH:  0    Dex: 15    Spells: 6/16 levels left

rFire    . . .     SeeInvis .   (no weapon)
rCold    . . .     Gourm    .   (no shield)
rNeg     . . .     Faith    .   a - +0 robe
rPois    .         Spirit   .   (no helmet)
rElec    .         Reflect  .   s - +2 cloak
rCorr    .         Harm     .   q - +1 pair of gloves
MR       .....                  (no boots)
Stlth    ++........             (no amulet)
HPRegen  0.11/turn              (no ring)
MPRegen  0.15/turn              (no ring)

@: no status effects
A: no striking features
a: no special abilities


You were on level 4 of the Dungeon.
You were not hungry.

You visited 1 branch of the dungeon, and saw 4 of its levels.

You collected 157 gold pieces.

Inventory:

Armour
 a - a +0 robe (worn)
 q - a +1 pair of gloves (worn)
 s - a +2 cloak (worn)
Jewellery
 l - an uncursed ring of ice {unknown}
Wands
 r - a wand of enslavement (9)
Scrolls
 b - a scroll of immolation {unknown}
 d - 2 scrolls of enchant armour {unknown}
 e - 2 scrolls of fog {unknown}
 f - 2 scrolls of noise {unknown}
 g - 2 scrolls of teleportation {unknown}
 j - a scroll of magic mapping {unknown}
 k - 4 scrolls of remove curse {unknown}
 n - 2 scrolls of identify {unknown}
 o - 2 scrolls of amnesia {unknown}
 p - a scroll of enchant weapon {unknown}
Potions
 h - 3 potions of heal wounds {unknown}
 i - a potion of mutation {unknown}
 m - a potion of berserk rage {unknown}
 t - a potion of lignification {unknown}
Comestibles
 c - 7 rations


   Skills:
 + Level 0.5 Fighting
 + Level 3.0 Dodging
 + Level 3.1 Stealth
 + Level 5.6 Spellcasting
 + Level 2.8 Conjurations
 + Level 4.9 Fire Magic


You had 6 spell levels left.
You knew the following spells:

 Your Spells              Type           Power        Failure   Level  Hunger
a - Flame Tongue          Conj/Fire      ###..        1%          1    None
b - Throw Flame           Conj/Fire      ###...       2%          2    None
c - Conjure Flame         Conj/Fire      ###.....     5%          3    ##.....
d - Sticky Flame          Conj/Fire      ###.....     19%         4    ####...

Your spell library contained the following spells:

 Spells                   Type           Power        Failure   Level  Hunger
 Inner Flame              Hex/Fire       ###.....     11%         3    ##.....
 Fireball                 Conj/Fire      ###.......   45%         5    #####..


Dungeon Overview and Level Annotations

Branches:
Dungeon (4/15)
 Temple: D:4-7

Altars:
Sif Muna

Annotations:
D:4 1 runed door, Duvessa; Sigmund; zkyp's ghost, novice GnGl


Message History

Your experience leads to an increase in your attributes!
Increase (S)trength, (I)ntelligence, or (D)exterity?
You feel clever.
Duvessa is engulfed in blazing flames.
Items here: ! ) [ † a +0 dagger; a +0 robe; a viscous black potion; the elf corpse of Dowan Duvessa hits you but does no damage.
Duvessa rages.
Duvessa hits you but does no damage. Duvessa hits you with a +0 short sword!
Duvessa hits you with a +0 short sword! Duvessa misses you.
Duvessa barely misses you.
Duvessa rages.
Duvessa hits you with a +0 short sword.
* * * LOW HITPOINT WARNING * * *
Duvessa hits you but does no damage.
There is a stone staircase leading up here.
Duvessa hits you with a +0 short sword.
You die...

#.....####.####e.#
..##### ##......>### ###
#..........# ..#
#.########.# #.# #.#
#....#.# #.# #.# #.##.#.#
#.# #.# #.#..#.# #.# #.#
#.#(e#.###### #.# #.#
#.#.@#.#....# #.# #.#
#.####)#.##.#
#.#######.###.........#.#
#.........#........#..#.#
###########.###########.#
#.# #......# #.# #.######
#.# #.# #.# #.#


You could see Duvessa (berserk).

Vanquished Creatures
  A wyvern skeleton (D:4)
  Dowan (D:4)
  A howler monkey (D:2)
  Jessica (D:3)
  3 adders
  2 oozes (D:3)
  A worm (D:3)
  2 dart slugs (D:1)
  3 leopard geckos
  6 giant cockroaches
  6 goblins
  8 hobgoblins
  4 jackals
  11 kobolds
  A quokka (D:3)
  2 ball pythons
  8 bats
  3 frilled lizards
  A leopard gecko skeleton (D:4)
  8 rats
73 creatures vanquished.

Notes
Turn   | Place    | Note
-------+----------+-------------------------------------------
     0 | D:1      | nikopol the Deep Elf Fire Elementalist began the quest for
                  | the Orb.
     0 | D:1      | Reached XP level 1. HP: 10/10 MP: 6/6
   102 | D:1      | Reached XP level 2. HP: 13/15 MP: 5/8
   738 | D:1      | Reached XP level 3. HP: 15/19 MP: 6/10
  1318 | D:2      | Reached skill level 4 in Spellcasting
  1470 | D:2      | Learned a level 2 spell: Throw Flame
  1474 | D:2      | Learned a level 3 spell: Conjure Flame
  1481 | D:2      | Reached XP level 4. HP: 12/24 MP: 6/12
  2061 | D:3      | Noticed Jessica
  2067 | D:3      | Killed Jessica
  2067 | D:3      | Reached XP level 5. HP: 28/28 MP: 7/14
  2120 | D:3      | Found a deep blue altar of Sif Muna.
  2268 | D:3      | Learned a level 4 spell: Sticky Flame
  2648 | D:4      | Noticed zkyp's ghost (novice GnGl)
  2651 | D:4      | Found a runed door.
  2671 | D:4      | Reached skill level 5 in Spellcasting
  2767 | D:4      | Noticed Duvessa
  2768 | D:4      | Noticed Dowan
  2889 | D:4      | Noticed Sigmund
  2958 | D:4      | Killed Dowan
  2958 | D:4      | Reached XP level 6. HP: 33/33 MP: 0/16
  2975 | D:4      | Slain by Duvessa

Vault maps used:
D:1:      nicolae_arrival_memento_mori, minmay_circled_x
D:3:      kennysheep_six_static_rooms, tgw_sif, first_ration,
          kennysheep_generic_room_8
D:4:      hellmonk_ghost_happy_afterlife, uniq_duvessa, uniq_sigmund,
          uniq_menkaure

Skill      XL: |  1  2  3  4  5 |
---------------+----------------+-----
Fire Magic     | 4 |  4.9
Spellcasting   | 4 5 |  5.6
Dodging        | 3 |  3.0
Conjurations   | 2 |  2.8
Stealth        | 3 |  3.1
Fighting       | |  0.5

Action                   |  1- 3 |  4- 6 || total
-------------------------+-------+-------++-------
 Cast: Flame Tongue      |    81 |    56 ||   137
       Throw Flame       |       |    11 ||    11
       Conjure Flame     |       |     3 ||     3
       Sticky Flame      |       |     2 ||     2
  Eat: Chunk             |     1 |     3 ||     4
       Ration            |       |     1 ||     1
Armor: Robe              |     2 |     2 ||     4
Dodge: Dodged            |    28 |    13 ||    41

Table legend:
 A = Non-vault XP
 B = Vault XP
 C = Vault XP percentage of total XP
 D = Non-vault monster count
 E = Vault monster count
 F = Vault count percentage of total count
                 A         B        C        D         E       F
            +---------+---------+-------+---------+---------+-------
      Total |     278 |     128 |  31.5 |      61 |      12 |  16.4
            +---------+---------+-------+---------+---------+-------
        D:1 |      39 |       9 |  18.8 |      21 |       4 |  16.0
        D:2 |     101 |       0 |   0.0 |      21 |       0 |   0.0
        D:3 |      54 |      52 |  49.1 |      14 |       7 |  33.3
        D:4 |      84 |      67 |  44.4 |       5 |       1 |  16.7
            +---------+---------+-------+---------+---------+-------
